TOP OF THE 1ST |
Jersey Shore D-Bags batting - Pitching for Irvine Gang Green : RHP Jung Chwa
|
Pitching: RHP Jung Chwa
|
|
Batting: RHB Ricardo González
|
0-0: Called Strike 0-1: Foul Ball, location: 2F 0-2: Strikes out swinging
|
Batting: RHB Millard Boyd
|
0-0: Called Strike 0-1: Ball 1-1: Foul Ball, location: 2F 1-2: Ground out 6-3 (Groundball, 6)
|
Batting: LHB Robert Phillips
|
0-0: SINGLE (Line Drive, 56)
|
Batting: LHB Pat Zimmerman
|
0-0: Called Strike 0-1: Ball Robert Phillips is caught stealing 2nd base
|
Top of the 1st over - 0 run(s), 1 hit(s), 0 error(s), 0 left on base; Jersey Shore 0 - Irvine 0 |
BOTTOM OF THE 1ST |
Irvine Gang Green batting - Pitching for Jersey Shore D-Bags : RHP Sergio Martínez
|
Pitching: RHP Sergio Martínez
|
|
Batting: LHB Jesús Campos
|
0-0: Foul Ball, location: 2F 0-1: Ball 1-1: Foul Ball, location: 2F 1-2: Foul Ball, location: 2F 1-2: Ball 2-2: Foul Ball, location: 2F 2-2: Ground out U3 (Groundball, 3S)
|
Batting: RHB Tom Doherty
|
0-0: Ball 1-0: Fly out, F6 (Popup, 6MD)
|
Batting: LHB Jorge Martínez
|
0-0: Ball 1-0: Ball 2-0: Called Strike 2-1: Ball 3-1: Base on Balls
|
Batting: LHB Víctor Quiñones
|
0-0: DOUBLE (Groundball, 3D) Jorge Martínez to third Runner from 3rd tries for Home, SAFE, no throw or cutoff
|
Batting: RHB Manny Copriviza
|
0-0: Called Strike 0-1: Swinging Strike 0-2: Foul Ball, location: 2F 0-2: Ball 1-2: TRIPLE (Flyball, 8LXD) Víctor Quiñones scores
|
Batting: RHB Buck Jones
|
0-0: Ball 1-0: Ball 2-0: Ball 3-0: Called Strike 3-1: Ground out 6-3 (Groundball, 6)
|
Bottom of the 1st over - 2 run(s), 2 hit(s), 0 error(s), 1 left on base; Jersey Shore 0 - Irvine 2 |
TOP OF THE 2ND |
Jersey Shore D-Bags batting - Pitching for Irvine Gang Green : RHP Jung Chwa
|
Batting: LHB Pat Zimmerman
|
0-0: Fly out, F7 (Flyball, 7D)
|
Batting: RHB Matt Doyle
|
0-0: Foul Ball, location: 2F 0-1: Called Strike 0-2: Fly out, F3 (Popup, 3)
|
Batting: LHB Dave Watt
|
0-0: Ball 1-0: Fly out, F7 (Flyball, 7M)
|
Top of the 2nd over - 0 run(s), 0 hit(s), 0 error(s), 0 left on base; Jersey Shore 0 - Irvine 2 |
BOTTOM OF THE 2ND |
Irvine Gang Green batting - Pitching for Jersey Shore D-Bags : RHP Sergio Martínez
|
Batting: LHB Leonardo Medina
|
0-0: Called Strike 0-1: Swinging Strike 0-2: Foul Ball, location: 2F 0-2: Foul Ball, location: 2F 0-2: Ball 1-2: Ball 2-2: Strikes out swinging
|
Batting: LHB Bill Murphy
|
0-0: Ground out 6-3 (Groundball, 6)
|
Batting: RHB José Salazar
|
0-0: Ball 1-0: Called Strike 1-1: Ground out 5-3 (Groundball, 5S)
|
Bottom of the 2nd over - 0 run(s), 0 hit(s), 0 error(s), 0 left on base; Jersey Shore 0 - Irvine 2 |
TOP OF THE 3RD |
Jersey Shore D-Bags batting - Pitching for Irvine Gang Green : RHP Jung Chwa
|
Batting: RHB Miguel Serna
|
0-0: Ground out U3 (Groundball, 3)
|
Batting: RHB Luis Ríos
|
0-0: Ball 1-0: Called Strike 1-1: Ball 2-1: Swinging Strike 2-2: Strikes out swinging
|
Batting: RHB Cy Keynes
|
0-0: Ground out 3-1 (Groundball, 34S)
|
Top of the 3rd over - 0 run(s), 0 hit(s), 0 error(s), 0 left on base; Jersey Shore 0 - Irvine 2 |
BOTTOM OF THE 3RD |
Irvine Gang Green batting - Pitching for Jersey Shore D-Bags : RHP Sergio Martínez
|
Batting: LHB Jesús Campos
|
0-0: Swinging Strike 0-1: Ball 1-1: Ball 2-1: Called Strike 2-2: Fly out, F9 (Line Drive, 9M)
|
Batting: RHB Tom Doherty
|
0-0: Called Strike 0-1: SINGLE (Line Drive, 6MD)
|
Batting: LHB Jorge Martínez
|
0-0: Ball 1-0: Ball 2-0: Foul Ball, location: 2F 2-1: Ball 3-1: Base on Balls Tom Doherty to second
|
Batting: LHB Víctor Quiñones
|
0-0: Ball 1-0: Foul Ball, location: 2F 1-1: Ball 2-1: Foul Ball, location: 2F 2-2: Foul Ball, location: 2F 2-2: Grounds into double play, 6-4-3 (Groundball, 6M)
|
Bottom of the 3rd over - 0 run(s), 1 hit(s), 0 error(s), 1 left on base; Jersey Shore 0 - Irvine 2 |
TOP OF THE 4TH |
Jersey Shore D-Bags batting - Pitching for Irvine Gang Green : RHP Jung Chwa
|
Batting: RHB Ricardo González
|
0-0: Ball 1-0: Ground out 5-3 (Groundball, 56)
|
Batting: RHB Millard Boyd
|
0-0: SINGLE (Groundball, 6MD)
|
Batting: LHB Robert Phillips
|
0-0: Foul Ball, location: 2F 0-1: Called Strike 0-2: Grounds into double play, 4-6-3 (Groundball, 4)
|
Top of the 4th over - 0 run(s), 1 hit(s), 0 error(s), 0 left on base; Jersey Shore 0 - Irvine 2 |
BOTTOM OF THE 4TH |
Irvine Gang Green batting - Pitching for Jersey Shore D-Bags : RHP Sergio Martínez
|
Batting: RHB Manny Copriviza
|
0-0: SINGLE (Groundball, 13S) (infield hit)
|
Batting: RHB Buck Jones
|
0-0: Ball 1-0: DOUBLE (Groundball, 5L) Manny Copriviza to third
|
Batting: LHB Leonardo Medina
|
0-0: Ball 1-0: Fly out, F7 (Flyball, 8LS) Runner from 3rd tags up, SCORES, no throw
|
Batting: LHB Bill Murphy
|
0-0: Ball 1-0: Ground out 4-3 (Groundball, 4) Buck Jones to third
|
Batting: RHB José Salazar
|
0-0: Ball 1-0: Ball 2-0: Ball 3-0: Base on Balls
|
Batting: LHB Jesús Campos
|
0-0: Ball 1-0: Ball 2-0: Foul Ball, location: 2F 2-1: Foul Ball, location: 2F 2-2: Foul Ball, location: 2F 2-2: Foul Ball, location: 2F 2-2: Ball 3-2: Ground out 1-3 (Groundball, 15S)
|
Bottom of the 4th over - 1 run(s), 2 hit(s), 0 error(s), 2 left on base; Jersey Shore 0 - Irvine 3 |
TOP OF THE 5TH |
Jersey Shore D-Bags batting - Pitching for Irvine Gang Green : RHP Jung Chwa
|
Batting: LHB Pat Zimmerman
|
0-0: Called Strike 0-1: Ball 1-1: Foul Ball, location: 2F 1-2: Fly out, F8 (Flyball, 8LXD)
|
Batting: RHB Matt Doyle
|
0-0: Foul Ball, location: 2F 0-1: Ball 1-1: Foul Ball, location: 2F 1-2: Ball 2-2: Ground out 5-3 (Groundball, 56)
|
Batting: LHB Dave Watt
|
0-0: Ball 1-0: Called Strike 1-1: Ground out U3 (Groundball, 3)
|
Top of the 5th over - 0 run(s), 0 hit(s), 0 error(s), 0 left on base; Jersey Shore 0 - Irvine 3 |
BOTTOM OF THE 5TH |
Irvine Gang Green batting - Pitching for Jersey Shore D-Bags : RHP Sergio Martínez
|
Batting: RHB Tom Doherty
|
0-0: Foul Ball, location: 2F 0-1: Ground out 5-3 (Groundball, 56)
|
Batting: LHB Jorge Martínez
|
0-0: Called Strike 0-1: SINGLE (Groundball, 3S)
|
Batting: LHB Víctor Quiñones
|
0-0: Ground out 5-3 (Groundball, 56S) Jorge Martínez to second
|
Batting: RHB Manny Copriviza
|
0-0: Ball 1-0: Ground out 6-3 (Groundball, 6)
|
Bottom of the 5th over - 0 run(s), 1 hit(s), 0 error(s), 1 left on base; Jersey Shore 0 - Irvine 3 |
TOP OF THE 6TH |
Jersey Shore D-Bags batting - Pitching for Irvine Gang Green : RHP Jung Chwa
|
Batting: RHB Miguel Serna
|
0-0: Ball 1-0: Called Strike 1-1: Ball 2-1: Foul Ball, location: 2F 2-2: Strikes out swinging
|
Batting: RHB Luis Ríos
|
0-0: Ground out 5-3 (Groundball, 5)
|
Batting: RHB Cy Keynes
|
0-0: Ball 1-0: Ball 2-0: Called Strike 2-1: Ball 3-1: Foul Ball, location: 2F 3-2: Foul Ball, location: 2F 3-2: Strikes out swinging
|
Top of the 6th over - 0 run(s), 0 hit(s), 0 error(s), 0 left on base; Jersey Shore 0 - Irvine 3 |
BOTTOM OF THE 6TH |
Irvine Gang Green batting - Pitching for Jersey Shore D-Bags : RHP Sergio Martínez
|
Batting: RHB Buck Jones
|
0-0: DOUBLE (Flyball, 78D)
|
Batting: LHB Leonardo Medina
|
0-0: Intentional Walk
|
Batting: LHB Bill Murphy
|
0-0: Ball 1-0: Called Strike 1-1: Ground out 5-3 (Groundball, 56S) Buck Jones to third Leonardo Medina to second
|
Batting: RHB José Salazar
|
0-0: Foul Ball, location: 2F 0-1: Ball 1-1: Swinging Strike 1-2: Foul Ball, location: 2F 1-2: Ball 2-2: Ball 3-2: Ground out 5-3 (Groundball, 5)
|
Batting: LHB Jesús Campos
|
0-0: Intentional Walk
|
Batting: RHB Tom Doherty
|
0-0: Ball 1-0: Ball 2-0: Called Strike 2-1: Ball 3-1: Fielders Choice at 2nd, U6 (Groundball, 6M)
|
Bottom of the 6th over - 0 run(s), 1 hit(s), 0 error(s), 3 left on base; Jersey Shore 0 - Irvine 3 |
TOP OF THE 7TH |
Jersey Shore D-Bags batting - Pitching for Irvine Gang Green : RHP Jung Chwa
|
Batting: RHB Ricardo González
|
0-0: Called Strike 0-1: Ball 1-1: Ball 2-1: DOUBLE (Groundball, 5L)
|
Batting: RHB Millard Boyd
|
0-0: Fly out, F8 (Flyball, 89D) Runner from 2nd tags up, SAFE at 3rd, no throw
|
Batting: LHB Robert Phillips
|
0-0: Ball 1-0: Swinging Strike 1-1: Ball 2-1: Foul Ball, location: 2F 2-2: Ball 3-2: Fly out, F7 (Flyball, 7M) Runner from 3rd tags up, SCORES, no throw
|
Batting: LHB Pat Zimmerman
|
0-0: Ball 1-0: Called Strike 1-1: Swinging Strike 1-2: Ground out 4-3 (Groundball, 4M)
|
Top of the 7th over - 1 run(s), 1 hit(s), 0 error(s), 0 left on base; Jersey Shore 1 - Irvine 3 |
BOTTOM OF THE 7TH |
Irvine Gang Green batting - Pitching for Jersey Shore D-Bags : RHP Sergio Martínez
|
Pitching: RHP Paco Gutiérrez
|
|
Batting: LHB Jorge Martínez
|
0-0: Foul Ball, location: 2F 0-1: Ball 1-1: Foul Ball, location: 2F 1-2: Foul Ball, location: 2F 1-2: Strikes out looking
|
Batting: LHB Víctor Quiñones
|
0-0: Called Strike 0-1: Called Strike 0-2: Ball 1-2: Foul Ball, location: 2F 1-2: Foul Ball, location: 2F 1-2: SOLO HOME RUN (Flyball, 9D), Distance : 420 ft
|
Batting: RHB Manny Copriviza
|
0-0: Swinging Strike 0-1: Foul Ball, location: 2F 0-2: Fly out, F7 (Flyball, 7M)
|
Batting: RHB Buck Jones
|
0-0: Foul Ball, location: 2F 0-1: Ground out 6-3 (Groundball, 6M)
|
Bottom of the 7th over - 1 run(s), 1 hit(s), 0 error(s), 0 left on base; Jersey Shore 1 - Irvine 4 |
TOP OF THE 8TH |
Jersey Shore D-Bags batting - Pitching for Irvine Gang Green : RHP Jung Chwa
|
Batting: RHB Matt Doyle
|
0-0: Ball 1-0: Called Strike 1-1: Swinging Strike 1-2: SINGLE (Flyball, 78S)
|
Batting: LHB Dave Watt
|
0-0: Ball 1-0: Foul Ball, location: 2F 1-1: Foul Ball, location: 2F 1-2: TRIPLE (Flyball, 8LXD) Matt Doyle scores
|
Batting: RHB Miguel Serna
|
0-0: Ball 1-0: Foul Ball, location: 2F 1-1: Fly out, F8 (Flyball, 8LM) Runner from 3rd tags up, OUT at HOME
|
Batting: RHB Luis Ríos
|
0-0: Ball 1-0: Ground out 5-3 (Groundball, 56)
|
Top of the 8th over - 1 run(s), 2 hit(s), 0 error(s), 0 left on base; Jersey Shore 2 - Irvine 4 |
BOTTOM OF THE 8TH |
Irvine Gang Green batting - Pitching for Jersey Shore D-Bags : RHP Paco Gutiérrez
|
Batting: LHB Leonardo Medina
|
0-0: Called Strike 0-1: Called Strike 0-2: Strikes out swinging
|
Batting: LHB Bill Murphy
|
0-0: Ball 1-0: Called Strike 1-1: Ball 2-1: Ground out 4-3 (Groundball, 4)
|
Batting: RHB José Salazar
|
0-0: Ball 1-0: Ball 2-0: Ball 3-0: Called Strike 3-1: Foul Ball, location: 2F 3-2: Foul Ball, location: 2F 3-2: Ground out 5-3 (Groundball, 56)
|
Bottom of the 8th over - 0 run(s), 0 hit(s), 0 error(s), 0 left on base; Jersey Shore 2 - Irvine 4 |
TOP OF THE 9TH |
Jersey Shore D-Bags batting - Pitching for Irvine Gang Green : RHP Jung Chwa
|
Pitching: RHP Mike Fisher
|
|
Batting: RHB Cy Keynes
|
0-0: Fly out, F8 (Popup, 8RS)
|
Batting: RHB Ricardo González
|
0-0: Ball 1-0: Ball 2-0: Called Strike 2-1: Foul Ball, location: 2F 2-2: Ball 3-2: Strikes out swinging
|
Batting: RHB Millard Boyd
|
0-0: Ground out 6-3 (Groundball, 6)
|
Top of the 9th over - 0 run(s), 0 hit(s), 0 error(s), 0 left on base; Jersey Shore 2 - Irvine 4 |
|